 Dungeon Crawl Stone Soup version 0.30-a0-715-gdb4ae3ece1 (webtiles) character file.

Game seed: 8345585714782090328

406 ryw the Trooper (level 6, 0/66 HPs)
             Began as an Ogre Gladiator on Jan 25, 2023.
             Was an Initiate of Gozag.
             Slain by an ogre
             ... wielding a +0 giant club
              (15 damage)
             ... on level 5 of the Dungeon.
             The game lasted 00:07:34 (4164 turns).

ryw the Trooper (Ogre Gladiator)                    Turns: 4164, Time: 00:07:35

Health: 0/66       AC:  5    Str: 27      XL:     6   Next: 87%
Magic:  6/6        EV: 10    Int:  7 (9)  God:    Gozag
Gold:   328        SH:  0    Dex: 10      Spells: 5/5 levels left

rFire   . . .      SeeInvis .    a - +1 flail
rCold   . . .      Faith    .    (no shield)
rNeg    . . .      Spirit   .    b - +0 robe
rPois   .          Reflect  .    g - +2 hat
rElec   .          Harm     .    (no cloak)
rCorr   .          Rampage  .    (gloves unavailable)
Will    .....                    (boots unavailable)
Stlth   +                        (no amulet)
HPRegen 0.31/turn                i - +6 ring of strength
MPRegen 0.10/turn                (no ring)

@: no status effects
A: large, unfitting armour, tough skin 1
a: Renounce Religion, Potion Petition, Call Merchant, Bribe Branch


You were on level 5 of the Dungeon.
You worshipped Gozag.
Gozag was aware of your devotion.
You visited 1 branch of the dungeon, and saw 5 of its levels.

You collected 421 gold pieces.
You paid 93 gold pieces to Gozag.

Inventory:

Hand Weapons
 a - a +1 flail (weapon)
Missiles
 d - 3 throwing nets
 m - a large rock
 n - 8 poisoned darts
 o - 5 boomerangs (quivered)
Armour
 b - a +0 robe (worn)
 g - a +2 hat (worn)
Jewellery
 f - an amulet of the acrobat
 i - a +6 ring of strength (left hand)
 l - a ring of ice
 p - a ring of see invisible
Scrolls
 s - a scroll of identify
Potions
 j - a potion of curing
 q - 2 potions of lignification {unknown}


   Skills:
 + Level 5.2 Fighting
 + Level 4.1 Maces & Flails
 + Level 3.8 Throwing
 + Level 4.1 Dodging


You had 5 spell levels left.
You didn't know any spells.
Your spell library contained the following spells:

 Spells                   Type           Power      Damage    Failure   Level
 Sublimation of Blood     Necr           0%         N/A       56%         2
 Wereblood                Tmut           0%         N/A       56%         2
 Dazzling Flash           Conj/Hex       0%         N/A       80%         3
 Iskenderun's Mystic Bla  Conj/Tloc      0%         2d3       99%         4
 Starburst                Conj/Fire      0%         6d3       100%        6
 Summon Hydra             Summ           0%         N/A       100%        7


Dungeon Overview and Level Annotations

Branches:
Dungeon (5/15)
 Temple: D:4-7

Altars:
Gozag
Ru
Wu Jian
Yredelemnul
The Shining One

Annotations:
D:3 Robin, Sigmund


Innate Abilities, Weirdness & Mutations

You are too large for most types of armour.
You have tough skin. (AC +1)


Message History

You feel strangely unstable.
It was a scroll of teleportation.
As you read the scroll labelled MAK BAERHE, it crumbles to dust.
It is a scroll of amnesia.
You feel forgetful for a moment.
As you read the scroll labelled GENI FECHEFU, it crumbles to dust.
It is a scroll of enchant weapon.
Your +0 flail glows red for a moment.
You start waiting.
Your surroundings suddenly seem different.
Done exploring.
There is a stone staircase leading down here.
You climb downwards.
There is a stone staircase leading up here.
Unknown command.
Found a stone staircase leading up.
Your movement speed is average.
Your attack delay is about 1.1.
Your damage rating with your +1 flail is about 17 (Base 10 x 142% (Str) x 117% (Skill) + 1 (Ench)).
Your base attributes are Str 21, Int 9, Dex 10.
Unknown command.
There is a stone staircase leading up here.
You open the door.
An ogre comes into view. It is wielding a +0 giant club.
The ogre shouts!
You hit the ogre but do no damage. The ogre completely misses you.
You sock the ogre!
The ogre is moderately wounded.
You hit the ogre.
The ogre is heavily wounded.
The ogre hits you with a +0 giant club!!
Ouch! That really hurt!
You sock the ogre!
The ogre is severely wounded.
The ogre hits you with a +0 giant club!!
* * * LOW HITPOINT WARNING * * *
You barely miss the ogre.
The ogre is severely wounded.
The ogre barely misses you.
You feel better. The ogre hits you with a +0 giant club!
You die...
Your body crumbles into a pile of gold.

##+# #..## #...# ...#
#...# #...# #...# #...#
... #...# #O# #...# #@#
#...#
.######.######...#
.................######
########.###...#.......
#.#<#...........
#.#.#..<#.######
#.#.....#.# #.#####.#.#
#.# #.#.#


You could see an ogre.

Vanquished Creatures
  2 phantoms (D:4)
  Jessica (D:3)
  2 iguanas (D:4)
  An orc wizard (D:3)
  A gnoll (D:3)
  3 adders
  A river rat (D:4)
  An ufetubus (D:4)
  A worm (D:3)
  6 dart slugs
  9 orcs
  6 bats
  5 endoplasms
  2 giant cockroaches
  11 goblins
  9 hobgoblins
  2 quokkas
  9 ball pythons
  6 frilled lizards
  5 kobolds
  8 rats
91 creatures vanquished.

Notes
Turn   | Place    | Note
-------+----------+-------------------------------------------
     0 | D:1      | ryw the Ogre Gladiator began the quest for the Orb.
     0 | D:1      | Reached XP level 1. HP: 22/22 MP: 1/1
    77 | D:1      | Reached skill level 3 in Fighting
    77 | D:1      | Reached XP level 2. HP: 30/31 MP: 2/2
   243 | D:1      | Found a faded altar of an unknown god.
   424 | D:1      | Reached XP level 3. HP: 35/37 MP: 3/3
  1496 | D:3      | Noticed Jessica
  1505 | D:3      | Killed Jessica
  1506 | D:3      | Reached XP level 4. HP: 48/48 MP: 4/4
  2012 | D:3      | Noticed Robin
  2016 | D:3      | Noticed Sigmund
  2025 | D:3      | Reached skill level 4 in Fighting
  2329 | D:3      | Reached XP level 5. HP: 42/54 MP: 5/5
  3050 | D:4      | Found an opulent altar of Gozag.
  3056 | D:4      | Became a worshipper of Gozag Ym Sagoz the Greedy
  3477 | D:4      | Found a sacrificial altar of Ru.
  3486 | D:4      | Found an ornate altar of the Wu Jian Council.
  3505 | D:4      | Noticed a phantom
  3507 | D:4      | Noticed a phantom
  3520 | D:4      | Killed a phantom
  3521 | D:4      | Reached XP level 6. HP: 40/65 MP: 6/6
  3535 | D:4      | Reached skill level 5 in Fighting
  3723 | D:4      | Found a basalt altar of Yredelemnul.
  3729 | D:4      | Found a glowing golden altar of the Shining One.
  3731 | D:4      | Noticed an angel
  4138 | D:5      | Entered Level 5 of the Dungeon
  4164 | D:5      | Slain by an ogre

Illustrated notes

Levels and vault maps discovered:
D:1:      eino_arrival_water_cross, layout_loops_ring,
          shapermc_ecumenical_altar_notcrosses
D:2:      layout_basic
D:3:      layout_basic, uniq_robin, uniq_sigmund, uniq_jessica
D:4:      layout_basic, grunt_temple_overflow_holy_war,
          mainiacjoe_overflow_swirl, mainiacjoe_overflow_brackets,
          gup_sewer_entry_bowl, dk_noncrumbling_4,
          chequers_hall_statues_corner_a, amcnicky_mini_corridor_feature,
          amcnicky_mini_rare_corridor_liquid
D:5:      layout_basic, serial_shops,
          nicolae_shop_temple_entry_statues_fountains, shop,
          nicolae_shop_advertising_works [nicolae_subvault_shop_adworks],
          nicolae_shop_bloodbath_and_beyond, uniq_grinder

Skill      XL: |  1  2  3  4  5  6 |
---------------+-------------------+-----
Fighting       | 3 4 5 |  5.2
Maces & Flails | 3 4 |  4.1
Dodging        | 3 4 |  4.1
Throwing       | 3 |  3.8

Action                     |  1- 3 |  4- 6 || total
---------------------------+-------+-------++-------
  Melee: Flail             |   135 |   185 ||   320
         Punch             |       |     2 ||     2
  Throw: Large rock        |     1 |       ||     1
         Boomerang         |       |    23 ||    23
    Use: Scroll            |     3 |     4 ||     7
         Potion            |       |     6 ||     6
 Armour: Robe              |    55 |    56 ||   111
  Dodge: Dodged            |    85 |   111 ||   196

Table legend: (Time is in decaauts)
 A = Elapsed time spent in this place.
 B = Non-inter-level travel time spent in this place.
 C = Inter-level travel time spent in this place.
 D = Time resting spent in this place.
 E = Time spent auto-exploring this place.
 F = Levels seen in this place.
 G = Mean time per level.
                   A        B        C        D        E       F      G
               +--------+--------+--------+--------+--------+-----+--------+
         Total |   4243 |   3971 |    272 |    541 |   2403 |   5 |  848.6 |
       Dungeon |   4243 |   3971 |    272 |    541 |   2403 |   5 |  848.6 |
               +--------+--------+--------+--------+--------+-----+--------+

Top non-repeatable levels by time:
     D:3: 1388 daAuts
     D:4: 1228 daAuts
     D:2: 840 daAuts
     D:1: 758 daAuts
     D:5: 26 daAuts
